 Dungeon Crawl Stone Soup version 0.30-a0-1164-ge08a67761e (webtiles) character file.

Game seed: 8271997329903579294

39 CrazyBamboolord the Grave Robber (level 3, 0/39 HPs)
             Began as a Demonspawn Necromancer on Apr 29, 2023.
             Succumbed to an adder's poison
             ... on level 1 of the Dungeon.
             The game lasted 00:03:22 (886 turns).

CrazyBamboolord the Grave Robber (DsNe)              Turns: 886, Time: 00:03:22

Health: 0/39       AC:  3    Str:  8    XL:     3   Next: 26%
Magic:  0/6        EV: 12    Int: 18    God:
Gold:   39         SH:  0    Dex: 13    Spells: 5/6 levels left

rFire   . . .        (no weapon)
rCold   . . .        (no shield)
rNeg    . . .        a - +0 robe
rPois   .            g - +0 helmet
rElec   .            (no cloak)
rCorr   .            (no gloves)
SInv    .            (no boots)
Will    .....        (no amulet) Stlth
                     (no ring)
HPRegen 0.26/turn    (no ring)
MPRegen 0.10/turn

%: no passive effects
@: berserking, lethally poisoned (0 -> -3), very quick
A: powered by pain 1
a: no special abilities


You were on level 1 of the Dungeon.
You visited 1 branch of the dungeon, and saw 2 of its levels.

You collected 39 gold pieces.

Inventory:

Armour
 a - a +0 robe (worn)
 g - a +0 helmet (worn)
Scrolls
 e - a scroll of enchant weapon {unknown}
 h - 2 scrolls of identify {unknown}
Potions
 c - a potion of degeneration {unknown}
 d - a potion of heal wounds {unknown}
 f - a potion of ambrosia {unknown}
 i - a potion of curing


   Skills:
 * Level 1.6 Fighting
 * Level 1.8 Dodging
 + Level 1.7 Stealth
 * Level 2.3 Spellcasting
 * Level 4.9 Necromancy


You had 5 spell levels left.
You knew the following spells:

 Your Spells              Type           Power      Damage    Failure   Level
a - Necrotise             Necr           80%        1d8       2%          1

Your spell library contained the following spells:

 Spells                   Type           Power      Damage    Failure   Level
 Vampiric Draining        Necr           20%        2d7       7%          3
 Animate Dead             Necr           20%        N/A       22%         4
 Agony                    Necr           20%        N/A       54%         5


Dungeon Overview and Level Annotations

Branches:
Dungeon (2/15)

Altars:


Innate Abilities, Weirdness & Mutations

You sometimes gain a little power by taking damage.


Message History

The adder is severely wounded.
The adder closely misses you. The adder bites you.
You are poisoned.
The adder poisons you!
You miss the adder.
The adder is severely wounded.
You feel sick. The adder bites you.
* * * LOW HITPOINT WARNING * * *
You closely miss the adder.
The adder is severely wounded.
You feel sick. The adder bites you.
* * * LOW HITPOINT WARNING * * *
You are lethally poisoned!
The adder poisons you!
Okay, then.
Aiming: Necrotise (safe; 2% risk of failure)
Press: ? - help, Q - select action Shift-Dir - straight line, f/p - adder
Aim: an adder (severely wounded, chance to affect: 84%)
The adder writhes in agony.
* * * LOW HITPOINT WARNING * * *
You feel very sick. The adder barely misses you. x2
It was a potion of berserk rage.
A red film seems to cover your vision as you go berserk!
You feel yourself moving faster!
You feel mighty!
* * * LOW HITPOINT WARNING * * *
You feel sick. The adder misses you.
You punch the adder!
You kill the adder!
* * * LOW HITPOINT WARNING * * *
You feel sick.
You are too berserk!
You are too berserk!
You are too berserk!
There is a lethal amount of poison in your body!
There is a lethal amount of poison in your body!
* * * LOW HITPOINT WARNING * * *
You feel sick.
You feel a strong urge to attack something.
You die...

#.............####.#..##.#######.
##..................#..##.....§.#
##.............##...##..'########
#..........###..##...............
#..........# ##.###..........####
#..........# #.#............## #
#..........# #...###.##.###..###
#..........# ##.###.............
##........#####.@.>†..##.....##.#
##......###.....###########....#
#####..##.........##########..#
##.###.#....##........# #...
#..##.................# ##..
#.##....############### ###
##.......# # ##...#....# #
#....#....#


There were no monsters in sight!

Vanquished Creatures
  An adder (D:1)
  A bat (D:2)
  An endoplasm (D:1)
  4 goblins
  3 hobgoblins (D:1)
  A quokka (D:1)
  4 ball pythons (D:1)
  2 frilled lizards
  3 kobolds (D:1)
  A rat (D:1)
21 creatures vanquished.

Vanquished Creatures (collateral kills)
  A dart slug (D:1)
  A ball python (D:1)
  A giant cockroach (D:1)
  A kobold (D:1)
  A rat (D:1)
5 creatures vanquished.

Grand Total: 26 creatures vanquished

Notes
Turn   | Place    | Note
-------+----------+-------------------------------------------
     0 | D:1      | CrazyBamboolord the Demonspawn Necromancer began the quest
                  | for the Orb.
     0 | D:1      | Reached XP level 1. HP: 13/13 MP: 3/3
   227 | D:1      | Gained mutation: You sometimes gain a little power by
                  | taking damage. [demonic ancestry]
   227 | D:1      | Reached XP level 2. HP: 11/20 MP: 0/5
   428 | D:1      | Reached skill level 1 in Fighting
   864 | D:2      | Reached XP level 3. HP: 26/26 MP: 3/6
   885 | D:1      | HP: 1/39 [poisoned by an adder]
   886 | D:1      | Succumbed to an adder's poison

Illustrated notes

Levels and vault maps discovered:
D:1:      evilmike_arrival_rings, layout_rooms, minmay_pentomino_q4
D:2:      layout_basic, serial_shops, shop, minmay_circle_x, uniq_sigmund,
          uniq_crazy_yiuf_cottage

Skill      XL: |  1  2 |
---------------+-------+-----
Fighting       | 1 |  1.6
Dodging        | |  1.8
Stealth        | |  1.7
Spellcasting   | |  2.3
Necromancy     | |  4.9

Action                     || total
---------------------------++-------
  Melee: Unarmed           ||    31
   Cast: Necrotise         ||    41
    Use: Potion            ||     3
 Armour: Robe              ||    17
  Dodge: Dodged            ||    41

Table legend: (Time is in decaauts)
 A = Elapsed time spent in this place.
 B = Non-inter-level travel time spent in this place.
 C = Inter-level travel time spent in this place.
 D = Time resting spent in this place.
 E = Time spent auto-exploring this place.
 F = Levels seen in this place.
 G = Mean time per level.
                   A        B        C        D        E       F      G
               +--------+--------+--------+--------+--------+-----+--------+
         Total |    885 |    871 |     14 |      0 |    700 |   2 |  442.5 |
       Dungeon |    885 |    871 |     14 |      0 |    700 |   2 |  442.5 |
               +--------+--------+--------+--------+--------+-----+--------+

Top non-repeatable levels by time:
     D:1: 871 daAuts
     D:2: 13 daAuts
